 Dungeon Crawl Stone Soup version 0.21-a0-400-g417d9d2 (webtiles) character file.

471 slep the Covered (level 6, -7/48 HPs)
             Began as a Demonspawn Fighter on Oct 21, 2017.
             Mangled by an orc warrior
             ... wielding a +0 trident
              (10 damage)
             ... on level 4 of the Dungeon.
             The game lasted 00:23:49 (3543 turns).

slep the Covered (Demonspawn Fighter)               Turns: 3543, Time: 00:23:50

Health: -7/48      AC:  9    Str: 16    XL:     6   Next: 83%
Magic:  6/6        EV:  7    Int: 10    God:
Gold:   271        SH: 11    Dex: 14    Spells: 5/5 levels left

rFire    . . .     SeeInvis .   o - +0 spear (pierce)
rCold    . . .     Gourm    .   c - +0 shield
rNeg     . . .     Faith    .   b - +0 scale mail
rPois    .         Spirit   .   (helmet restricted)
rElec    .         Reflect  +   (no cloak)
rCorr    .         Harm     .   (no gloves)
MR       .....                  (no boots)
Stlth    +.........             s - +2 amulet of reflection
HPRegen  0.16/turn              k - +2 ring of protection
MPRegen  0.10/turn              u - ring of flight

@: no status effects
A: claws 1, horns 2, nightstalker 1, powered by pain 1
a: Evoke Flight


You were on level 4 of the Dungeon.
You were not hungry.

You visited 1 branch of the dungeon, and saw 4 of its levels.

You collected 271 gold pieces.

Inventory:

Hand Weapons
 a - a +0 long sword
 n - a cursed -1 flail
 o - a +0 spear of piercing (weapon)
 v - a +0 flail of draining
Missiles
 r - 2 throwing nets (quivered)
 y - a tomahawk
Armour
 b - a +0 scale mail (worn)
 c - a +0 shield (worn)
Magical Staves
 E - an uncursed staff of fire {unknown}
Jewellery
 k - a +2 ring of protection (left claw)
 s - a +2 amulet of reflection (around neck)
 u - a ring of flight (right claw)
Wands
 t - a wand of flame (21/48)
 w - a wand of polymorph (10/24)
 C - a wand of digging (16/24)
Scrolls
 e - a scroll of remove curse {unknown}
 g - 2 scrolls of teleportation {unknown}
 h - 8 scrolls of identify {unknown}
 l - 2 scrolls of enchant weapon {unknown}
 m - 2 scrolls of magic mapping {unknown}
 p - a scroll of fog {unknown}
 q - a scroll of noise {unknown}
Potions
 d - 4 potions of might
 x - a potion of curing {unknown}
 A - 2 potions of haste {unknown}
 B - a potion of resistance {unknown}
 D - a potion of brilliance
Comestibles
 f - 3 bread rations
 i - 2 royal jellies
 j - 2 meat rations
 z - 8 chunks of flesh


   Skills:
 + Level 3.9 Fighting
 + Level 3.8 Long Blades
 + Level 0.1 Polearms
 + Level 4.2 Armour
 + Level 1.1 Dodging
 + Level 0.8 Stealth
 + Level 4.2 Shields


You had 5 spell levels left.
You didn't know any spells.

Dungeon Overview and Level Annotations

Branches:
Dungeon (4/15)
 Temple: D:4-7

Altars:


Innate Abilities, Weirdness & Mutations

You have sharp fingernails.
You have a pair of horns on your head.
You are slightly more attuned to the shadows.
You sometimes gain a little power by taking damage.


Message History

The orc warrior is lightly wounded.
The orc warrior hits you but does no damage.
You hit the orc warrior but do no damage.
The orc warrior is lightly wounded.
You block the orc warrior's attack.
You hit the orc warrior.
The orc warrior is moderately wounded.
You block the orc warrior's attack.
You closely miss the orc warrior.
You headbutt the orc warrior, but do no damage.
The orc warrior is moderately wounded.
The orc warrior hits you with a trident.
* * * LOW HITPOINT WARNING * * *
You hit the orc warrior but do no damage.
You headbutt the orc warrior, but do no damage.
The orc warrior is moderately wounded.
The orc warrior hits you with a trident!
* * * LOW HITPOINT WARNING * * *
The orc warrior hits you from afar with a trident!
You die...

#.........#
#.........#
#.........#
#.........#
#.........###
#.....o...'..
#....)?...#
######@####
#.# #.# #.#
### #.# ...
####.##.####
#...>.......
#.###.######
#.# #.#...


You could see an orc warrior.

Vanquished Creatures
  Sigmund (D:3)
  3 orc priests
  Jessica (D:2)
  An orc wizard (D:3)
  Robin (D:2)
  7 adders
  3 worms
  2 dart slugs
  14 orcs
  2 ball pythons
  7 bats
  4 giant cockroaches
  20 goblins
  6 hobgoblins
  2 jackals (D:1)
  A frilled lizard (D:1)
  2 kobolds
  5 rats
  A bush (D:1)
  2 plants (D:1)
85 creatures vanquished.

Notes
Turn   | Place    | Note
-------+----------+-------------------------------------------
     0 | D:1      | slep the Demonspawn Fighter began the quest for the Orb.
     0 | D:1      | Reached XP level 1. HP: 18/18 MP: 1/1
    85 | D:1      | Gained mutation: You have a pair of small horns on your head. [demonic ancestry]
    85 | D:1      | Reached XP level 2. HP: 22/24 MP: 2/2
   690 | D:2      | Gained mutation: You have sharp fingernails. [demonic ancestry]
   690 | D:2      | Reached XP level 3. HP: 18/29 MP: 3/3
   707 | D:2      | Noticed Jessica
  1020 | D:2      | Killed Jessica
  1020 | D:2      | Gained mutation: You have a pair of horns on your head. [demonic ancestry]
  1020 | D:2      | Reached XP level 4. HP: 15/36 MP: 4/4
  1062 | D:2      | Noticed Robin
  1087 | D:2      | Killed Robin
  1999 | D:3      | Gained mutation: You are slightly more attuned to the shadows. [demonic ancestry]
  1999 | D:3      | Reached XP level 5. HP: 31/41 MP: 5/5
  2521 | D:3      | Noticed Sigmund
  2531 | D:3      | Killed Sigmund
  2531 | D:3      | Gained mutation: You sometimes gain a little power by taking damage. [demonic ancestry]
  2531 | D:3      | Reached XP level 6. HP: 48/48 MP: 6/6
  2651 | D:3      | Reached skill level 1 in Dodging
  3527 | D:4      | Noticed an orc warrior
  3542 | D:4      | HP: 2/48 [orc warrior/trident (7)]
  3543 | D:4      | Mangled by an orc warrior

Vault maps used:
D:1:      eino_arrival_druids_welcome, serial_forest,
          infiniplex_forest_lined_3_way, infiniplex_forest_clump_small,
          infiniplex_forest_clump_tiny, infiniplex_forest_clump_large,
          infiniplex_forest_clump_large, infiniplex_forest_clump_long
D:2:      minmay_misc_feat_square, uniq_jessica, uniq_robin
D:3:      first_bread, uniq_sigmund

Skill      XL: |  1  2  3  4  5  6 |
---------------+-------------------+-----
Shields        | 3 4 |  4.2
Armour         | 3 4 |  4.2
Long Blades    | 2 3 |  3.8
Dodging        | 1 |  1.1
Fighting       | |  3.9
Polearms       | |  0.1
Stealth        | |  0.8

Action                   |  1- 3 |  4- 6 || total
-------------------------+-------+-------++-------
Melee: Long sword        |   204 |   144 ||   348
       Headbutt          |    43 |    27 ||    70
       Spear             |       |    54 ||    54
  Use: Potion            |       |     4 ||     4
 Stab: Sleeping          |       |     1 ||     1
  Eat: Chunk             |     1 |     8 ||     9
Armor: Scale mail        |    52 |    77 ||   129
Dodge: Dodged            |    26 |    35 ||    61
Block: Shield            |    35 |   120 ||   155
       Reflection        |       |     4 ||     4
       Rpst.: Long sword |     7 |    10 ||    17

Table legend:
 A = Spawn XP
 B = Non-spawn XP
 C = Spawn XP percentage of total XP
 D = Spawn monster count
 E = Non-spawn monster count
 F = Spawn count percentage of total count
 G = Total turns spent on level
                    A         B        C        D         E        F      G
               +---------+---------+-------+---------+---------+-------+---------
         Total |       0 |     674 |   0.0 |       0 |      82 |   0.0 |  3543
               +---------+---------+-------+---------+---------+-------+---------
           D:1 |       0 |      20 |   0.0 |       0 |      12 |   0.0 |   864
           D:2 |       0 |     134 |   0.0 |       0 |      32 |   0.0 |   808
           D:3 |       0 |     462 |   0.0 |       0 |      32 |   0.0 |  1574
           D:4 |       0 |      58 |   0.0 |       0 |       6 |   0.0 |   297
               +---------+---------+-------+---------+---------+-------+---------
